 Dungeon Crawl Stone Soup version 0.30-a0-867-g305f33218d (webtiles) character file.

Game seed: 103587756032664899

97 Dittersdorf the Trooper (level 4, -5/29 HPs)
             Began as a Gargoyle Fighter on Mar 10, 2023.
             Slain by an ice beast (11 damage)
             ... on level 4 of the Dungeon.
             The game lasted 00:02:12 (1639 turns).

Dittersdorf the Trooper (Gargoyle Fighter)          Turns: 1639, Time: 00:02:13

Health: -5/29      AC: 16    Str: 21    XL:     4   Next: 68%
Magic:  4/4        EV:  9    Int:  9    God:
Gold:   212        SH:  4    Dex:  9    Spells: 3/3 levels left

rFire   . . .      SeeInvis .    a - +0 flail
rCold   . . .      Faith    .    c - +0 buckler
rNeg    + . .      Spirit   .    b - +0 scale mail
rPois   ∞          Reflect  .    o - +0 helmet
rElec   +          Rampage  .    e - +1 cloak
rCorr   .                        r - +0 pair of gloves
Will    .....                    h - +0 pair of boots Stlth
                                 (no amulet)
HPRegen 0.24/turn                (no ring)
MPRegen 0.09/turn                (no ring)

@: no status effects
A: sickness immunity, AC +3, negative energy resistance 1, electricity
resistance, torment resistance 1, petrification resistance
a: no special abilities


You were on level 4 of the Dungeon.
You visited 1 branch of the dungeon, and saw 5 of its levels.

You collected 212 gold pieces.

Inventory:

Hand Weapons
 a - a +0 flail (weapon)
Armour
 b - a +0 scale mail (worn)
 c - a +0 buckler (worn)
 e - a +1 cloak (worn)
 h - a +0 pair of boots (worn)
 o - a +0 helmet (worn)
 r - a +0 pair of gloves (worn)
Scrolls
 g - 3 scrolls of identify {unknown}
 i - 2 scrolls of noise {unknown}
 l - a scroll of torment {unknown}
 n - a scroll of teleportation {unknown}
 p - a scroll of fear {unknown}
 s - a scroll of blinking {unknown}
Potions
 d - 2 potions of might
 f - 2 potions of heal wounds {unknown}
 j - a potion of curing {unknown}
 k - a potion of brilliance {unknown}
 m - a potion of attraction {unknown}
 q - a potion of resistance {unknown}
 t - a potion of flight {unknown}


   Skills:
 + Level 4.1 Fighting
 + Level 2.8 Maces & Flails
 + Level 4.0 Armour
 + Level 4.1 Shields


You had 3 spell levels left.
You didn't know any spells.
Your spell library contained the following spells:

 Spells                   Type           Power      Damage    Failure   Level
 Kiss of Death            Conj/Necr      0%         2d5       80%         1
 Call Canine Familiar     Summ           0%         N/A       99%         3
 Confusing Touch          Hex            0%         N/A       99%         3
 Portal Projectile        Hex/Tloc       0%         N/A       99%         3
 Dispel Undead            Necr           0%         3d6       100%        4
 Leda's Liquefaction      Hex/Erth       0%         N/A       100%        4


Dungeon Overview and Level Annotations

Branches:
Dungeon (5/15)
 Temple: D:4-7

Altars:

Annotations:
D:4 Prince Ribbit


Innate Abilities, Weirdness & Mutations

You are immune to sickness and miasma.
Your stone body is resilient. (AC +3)
You are immune to poison.
You resist negative energy. (rN+)
You are resistant to electric shocks. (rElec)
You are resistant to unholy torment.
You are immune to petrification.


Message History

The ice beast hits you but does no damage.
The ice beast attacks as you move away! You block the ice beast's attack.
You open the door. The ice beast barely misses you.
There is an open door here.
The ice beast attacks as you move away! The ice beast barely misses you.
The ice beast attacks as you move away! The ice beast hits you.
The ice beast freezes you!
* * * LOW HITPOINT WARNING * * *
The ice beast attacks as you move away!
The ice beast hits you but does no damage.
You open the door. The ice beast closely misses you.
Found 5 gold pieces.
The hobgoblin attacks as you move away!
The hobgoblin hits you but does no damage.
Prince Ribbit hops awkwardly around.
There is an open door here.
The ice beast attacks as you move away! The ice beast misses you.
Prince Ribbit blinks!
Prince Ribbit hits you.
* * * LOW HITPOINT WARNING * * *
You open the door.
Prince Ribbit blinks!
The ice beast barely misses you.
Found 13 gold pieces and a yellow potion.
The ice beast hits you but does no damage.
The hobgoblin hits you but does no damage.
You block the hobgoblin's attack.
You see here 5 gold pieces.
You open the door.
Prince Ribbit croaks regally.
Prince Ribbit blinks!
The ice beast hits you but does no damage.
The hobgoblin hits you but does no damage.
There is an open door here.
Found a stone staircase leading down.
You open the door.
The ice beast hits you but does no damage.
The ice beast attacks as you move away! The ice beast barely misses you.
There is an open door here.
The ice beast attacks as you move away! The ice beast hits you.
* * * LOW HITPOINT WARNING * * *
The ice beast freezes you!
You die...

.......#...#......#
.......#...#......#
#....###'#......+
#....#...#......#
#....'...#......#
#....#$..#......#
#.g..#...'......
#.Y.F#####......
##@#..F.......$.
........#...... ..!..
........#............
##......#.>..... ....
#......#....... ....
#.......#......#
##..##..# ### #..#


You could see Prince Ribbit, an ice beast and a hobgoblin.

Vanquished Creatures
  5 adders
  3 worms (D:2)
  A dart slug (D:1)
  3 ball pythons
  2 bats (D:1)
  An endoplasm (D:2)
  A giant cockroach (D:2)
  5 goblins
  7 hobgoblins
  3 jackals (D:1)
  5 kobolds (D:1)
  2 quokkas (D:2)
  A frilled lizard (D:1)
  2 rats (D:2)
41 creatures vanquished.

Notes
Turn   | Place    | Note
-------+----------+-------------------------------------------
     0 | D:1      | Dittersdorf the Gargoyle Fighter began the quest for the
                  | Orb.
     0 | D:1      | Reached XP level 1. HP: 14/14 MP: 1/1
   158 | D:1      | Reached XP level 2. HP: 19/19 MP: 2/2
   886 | D:2      | Reached XP level 3. HP: 23/23 MP: 3/3
  1060 | D:2      | Reached XP level 4. HP: 29/29 MP: 4/4
  1522 | D:3      | You fall into a shaft and drop 2 floors!
  1522 | D:5      | Entered Level 5 of the Dungeon
  1571 | D:5      | Noticed Prince Ribbit
  1571 | D:5      | Noticed an ice beast
  1639 | D:4      | Slain by an ice beast

Illustrated notes

Levels and vault maps discovered:
D:1:      minmay_arrival_solitary_statue, layout_basic
D:2:      layout_loops_cross
D:3:      layout_rooms, kennysheep_minor_cross, minmay_close_crescents
D:4:      layout_gridville
D:5:      layout_cave_pools, kennysheep_mini, kennysheep_generic_room_16,
          uniq_prince_ribbit1, uniq_menkaure

Skill      XL: |  1  2  3  4 |
---------------+-------------+-----
Shields        | 4 |  4.1
Fighting       | 4 |  4.1
Armour         | 4 |  4.0
Maces & Flails | |  2.8

Action                     |  1- 3 |  4- 6 || total
---------------------------+-------+-------++-------
  Melee: Flail             |   103 |    51 ||   154
 Armour: Scale mail        |    49 |    54 ||   103
  Dodge: Dodged            |    65 |    35 ||   100
  Block: Buckler           |    17 |    14 ||    31

Table legend: (Time is in decaauts)
 A = Elapsed time spent in this place.
 B = Non-inter-level travel time spent in this place.
 C = Inter-level travel time spent in this place.
 D = Time resting spent in this place.
 E = Time spent auto-exploring this place.
 F = Levels seen in this place.
 G = Mean time per level.
                   A        B        C        D        E       F      G
               +--------+--------+--------+--------+--------+-----+--------+
         Total |   1688 |   1606 |     82 |      0 |   1159 |   5 |  337.6 |
       Dungeon |   1688 |   1606 |     82 |      0 |   1159 |   5 |  337.6 |
               +--------+--------+--------+--------+--------+-----+--------+

Top non-repeatable levels by time:
     D:1: 858 daAuts
     D:2: 680 daAuts
     D:5: 68 daAuts
     D:4: 50 daAuts
     D:3: 30 daAuts
